[Event "Late-Titled-Tuesday-Blitz-December-26-2023"]
[Site "Chess.com"]
[Date "2023.12.26"]
[Round "3"]
[White "powermove"]
[Black "IranianCheetah"]
[Result "0-1"]
[WhiteElo "2026"]
[BlackElo "2354"]
[TimeControl "180+1"]
[EndTime "14:27:52 PST"]
[Termination "IranianCheetah won by checkmate"]

1. d4 d5 2. c4 c6 3. Nc3 Nf6 4.
e3 e6 5. Nf3 Bd6 6. Bd3 O-O 7.
O-O dxc4 8. Bxc4 b5 9. Bd3 a6 10. e4 Bb4 11. a3 Bxc3 12. bxc3 Nbd7 13. Bg5 h6 14. Bh4 Qc7 15. Qe2 c5 16. Rfc1 Bb7 17.
h3 Rfe8 18. Bg3 Qb6 19. a4 c4 20. Bc2 Qc6 21. Re1 Nh5 22. Bh2 g6 23. e5 Nb6 24.
Qe3 Kh7 25. g4 Nd5 26. Qd2 Ng7 27. h4 Rac8 28. h5 Nxc3 29. Nh4 Qh1# 0-1

[Event "Late-Titled-Tuesday-Blitz-December-26-2023"]
[Site "Chess.com"]
[Date "2023.12.26"]
[Round "3"]
[White "CFalcons8"]
[Black "Tunahan_Makaraci"]
[Result "1-0"]
[WhiteElo "2252"]
[BlackElo "2499"]
[TimeControl "180+1"]
[EndTime "14:27:53 PST"]
[Termination "CFalcons8 won on time"]

1. e4 Nf6 2. e5 Nd5 3. d4 d6 4. c4 Nb6 5. exd6 cxd6 6. Nc3 g6 7. Be3 Bg7 8. Rc1 O-O 9. b3 Bf5 10. Bd3 Bxd3 11. Qxd3 Nc6 12. Nge2 d5 13. c5 Nc8 14.
O-O e6 15. a3 N8e7 16. b4 a6 17. Na4 Nf5 18. Nb6 Ra7 19. Qd2 h5 20. a4 h4 21. b5 axb5 22. axb5 Na5 23. Qd3 h3 24. g3 Nh6 25. Ra1 Qf6 26. Bd2 Nc4 27. Rxa7 Nxd2 28.
f3 Nc4 29. Nd7 Qg5 30. Nxf8 Bxf8 31. Rxb7 Nf5 32. c6 Nfe3 33. c7 Nd6 34. f4 Qg4 35. Qxe3 1-0

[Event "Late-Titled-Tuesday-Blitz-December-26-2023"]
[Site "Chess.com"]
[Date "2023.12.26"]
[Round "3"]
[White "miraitrunks"]
[Black "MFBerna"]
[Result "0-1"]
[WhiteElo "2084"]
[BlackElo "2384"]
[TimeControl "180+1"]
[EndTime "14:27:53 PST"]
[Termination "MFBerna won on time"]

1. e4 c5 2. Nc3 Nc6 3. Nge2 g6 4.
g3 Bg7 5. Bg2 e6 6. O-O Nge7 7.
d3 O-O 8. Be3 b6 9. d4 cxd4 10.
Nxd4 Nxd4 11. Bxd4 Nc6 12. Bxg7 Kxg7 13. e5 Ba6 14. Re1 Qc7 15. Qg4 Nxe5 16. Qd4 f6 17. Rad1 Rad8 18. Ne4 d6 19. Nxd6 Qxc2 20. Rd2 Qc5 21.
Red1 Qxd4 22. Rxd4 Be2 23. Nf5+ gxf5 24. Rxd8 Bxd1 25.
Rxd1 Rf7 26. f4 Nc4 0-1

[Event "Late-Titled-Tuesday-Blitz-December-26-2023"]
[Site "Chess.com"]
[Date "2023.12.26"]
[Round "3"]
[White "robertoalejandro10"]
[Black "Schwindle"]
[Result "1-0"]
[WhiteElo "2556"]
[BlackElo "2376"]
[TimeControl "180+1"]
[EndTime "14:27:54 PST"]
[Termination "robertoalejandro10 won by resignation"]

1. Nf3 Nf6 2. b3 g6 3. Bb2 Bg7 4. c4 O-O 5. g3 d6 6. Bg2 Nc6 7.
O-O e5 8. Nc3 Bd7 9. d4 exd4 10.
Nxd4 Re8 11. e3 Rb8 12. Qd2 Ne5 13.
Nd5 Nxd5 14. cxd5 c5 15. dxc6 bxc6 16. Rac1 c5 17. Nf3 Bb5 18. Nxe5 Bxe5 19. Rfd1 Qb6 20.
Bd5 Bxb2 21. Qxb2 Re5 22. Rd2 a5 23. Rcd1 a4 24. Bf3 axb3 25. Rxd6 Qa5 26. Qxe5 bxa2 27. Ra6 Qxa6 28. Qxb8+ Kg7 29. Qe5+ f6 30. Qa1 Qa3 31.
Bd5 c4 32. Rd2 c3 33. Rxa2 Qc5 34. Be4 Be2 35. Rxe2 1-0

[Event "Late-Titled-Tuesday-Blitz-December-26-2023"]
[Site "Chess.com"]
[Date "2023.12.26"]
[Round "3"]
[White "HajiyevKanan"]
[Black "MalcolmPein"]
[Result "1-0"]
[WhiteElo "2639"]
[BlackElo "2366"]
[TimeControl "180+1"]
[EndTime "14:27:55 PST"]
[Termination "HajiyevKanan won on time"]

1. d4 Nf6 2. Nf3 c5 3. c4 cxd4 4. Nxd4 e5 5. Nc2 d5 6. cxd5 Qxd5 7. Qxd5 Nxd5 8. e4 Nb4 9. Nxb4 Bxb4+ 10. Bd2 Nc6 11.
Bb5 Bd7 12. O-O Bxd2 13. Nxd2 Nd4 14. Bxd7+ Kxd7 15. Rfd1 Ke6 16. Nc4 Rac8 17. b3 b5 18. Ne3 Nc2 19. Nxc2 Rxc2 20. Rd5 Rhc8 21. h4 Rc1+ 22.
Rxc1 Rxc1+ 23. Kh2 a6 24. a4 bxa4 25. bxa4 Rc4 26. Ra5 Rxe4 27. Rxa6+ Kd5 28. Kg3 h5 29. Ra7 Rg4+ 30. Kh3 Ke6 31. Ra6+ Kf5 32. Ra7 Ke6 33. f3 Rb4 34. a5 g6 35. a6 Ra4 36. Ra8 Kf5 37. Kg3 f6 38. Kf2 Ra2+ 39. Kf1 Ra1+ 40.
Ke2 Ra2+ 41. Kd3 Ra1 42. Kc4 Kf4 43. Kb5 1-0

[Event "Late-Titled-Tuesday-Blitz-December-26-2023"]
[Site "Chess.com"]
[Date "2023.12.26"]
[Round "3"]
[White "yaguigor"]
[Black "SergioMoralesG"]
[Result "1-0"]
[WhiteElo "2574"]
[BlackElo "2402"]
[TimeControl "180+1"]
[EndTime "14:27:55 PST"]
[Termination "yaguigor won by resignation"]

1. e4 c5 2. Nf3 e6 3. d4 cxd4 4. Nxd4 Nc6 5. Nc3 Qc7 6. Be3 a6 7. Qd2 Nf6 8. f4 Bb4 9. Bd3 b5 10. a3 Ba5 11. Nb3 d6 12. Nxa5 Nxa5 13. Qe2 O-O 14.
g4 e5 15. f5 d5 16. g5 Nxe4 17. Nxe4 dxe4 18. Bxe4 Bb7 19. Qf3 Qxc2 20. Bxb7 Nxb7 21. Qxb7 Qxf5 22. Rf1 Qd3 23. Qf3 Rac8 24. Rd1 Qc2 25. Rf2 Qb3 26. Kf1 Rc2 27. Rxc2 Qxc2 28. Rd2 Qb1+ 29.
Kg2 Re8 30. Qc6 Rf8 31. Qc2 Qe1 32. Bf2 f6 1-0

[Event "Late-Titled-Tuesday-Blitz-December-26-2023"]
[Site "Chess.com"]
[Date "2023.12.26"]
[Round "3"]
[White "Greguer"]
[Black "Statham_l3"]
[Result "0-1"]
[WhiteElo "2384"]
[BlackElo "2576"]
[TimeControl "180+1"]
[EndTime "14:27:58 PST"]
[Termination "Statham_l3 won by checkmate"]

1. f4 e5 2. fxe5 d6 3. Nf3 dxe5 4. e4 Bc5 5. Bc4 Nf6 6. Nc3 O-O 7. d3 Ng4 8. Qe2 Nc6 9. Bg5 Nd4 10. Bxd8 Nxe2 11.
Kxe2 Rxd8 12. h3 Ne3 13. Bb3 Nxg2 14. Nxe5 Be6 15. Kf3 Nh4+ 16. Ke2 Bxb3 17. axb3 Re8 18. Ng4 f5 19. Nf2 fxe4 20. Nfxe4 Nf5 21. Kd2 Be3+ 22. Ke2 Bh6 23. Rhg1 Rad8 24. Ra4 a6 25. Kf1 Rf8 26. Ke2 Kh8 27. Rg2 Rde8 28. Ke1 Ne3 29. Re2 Rf1+ 30.
Kd2 Nc4# 0-1

[Event "Late-Titled-Tuesday-Blitz-December-26-2023"]
[Site "Chess.com"]
[Date "2023.12.26"]
[Round "3"]
[White "Rafael_Ventura"]
[Black "prime-morty"]
[Result "0-1"]
[WhiteElo "2363"]
[BlackElo "2546"]
[TimeControl "180+1"]
[EndTime "14:27:58 PST"]
[Termination "prime-morty won by checkmate"]

1. e4 c5 2. c4 Nc6 3. Ne2 e5 4. g3 h5 5. h3 h4 6. g4 g6 7. Bg2 Bh6 8. Nbc3 Nge7 9. O-O d6 10. a3 Nd4 11. d3 Bxc1 12. Rxc1 g5 13. Nxd4 cxd4 14. Nd5 Ng6 15. b4 Be6 16. Qa4+ Kf8 17. Rfd1 a6 18. Kh2 Rc8 19. b5 a5 20.
Rb1 b6 21. Rbc1 Kg7 22. Qb3 Bxd5 23. cxd5 Rc5 24. Rxc5 dxc5 25. a4 Qd6 26. Rc1 Rd8 27. Qd1 Qf6 28. Qd2 Qf4+ 29. Qxf4 exf4 30. Bf3 Ne5 31.
Be2 f3 32. Bf1 Kf6 33. Rc2 Ke7 34. Rc1 Kd6 35. Rc2 Rc8 36. Rc1 f6 37. Rc2 c4 38.
dxc4 d3 39. Rc1 Kc5 40. Rd1 Kd4 41. d6 Rd8 42. c5 bxc5 43. b6 Rxd6 44. Rb1 Rd8 45.
b7 Rb8 46. Rb5 d2 47. Rb6 Rxb7 48. Rd6+ Kc3 49. Bb5 Rxb5 50. axb5 Nd3 51. Rxd3+ Kxd3 52. b6 d1=Q 53. b7 Qf1 54. e5 Qg2# 0-1

[Event "Late-Titled-Tuesday-Blitz-December-26-2023"]
[Site "Chess.com"]
[Date "2023.12.26"]
[Round "3"]
[White "Slovak_fighter2000"]
[Black "Iball95"]
[Result "0-1"]
[WhiteElo "2492"]
[BlackElo "2818"]
[TimeControl "180+1"]
[EndTime "14:27:59 PST"]
[Termination "Iball95 won on time"]

1. Nf3 d5 2. g3 Nf6 3. Bg2 e6 4.
O-O c5 5. d4 Nc6 6. c4 Be7 7.
cxd5 exd5 8. Nc3 O-O 9. Bg5 c4 10. Ne5 Be6 11. Bxf6 Bxf6 12. Nxc6 bxc6 13. Qa4 Qb6 14.
e3 Qxb2 15. Rfc1 Qb6 16. Rab1 Qc7 17. e4 dxe4 18. Bxe4 Bxd4 19. Qxc6 Qxc6 20. Bxc6 Rab8 21. Rxb8 Rxb8 22. Nb5 Bc5 23. Nc7 Ba3 24. Rc2 Bh3 25.
Nb5 Rd8 26. Nc3 Bb4 27. Nd5 c3 28. f4 Bc5+ 29. Kh1 Bf5 30. Rxc3 Be4+ 0-1

[Event "Late-Titled-Tuesday-Blitz-December-26-2023"]
[Site "Chess.com"]
[Date "2023.12.26"]
[Round "3"]
[White "thechesscorner64"]
[Black "campochess"]
[Result "1-0"]
[WhiteElo "2440"]
[BlackElo "2171"]
[TimeControl "180+1"]
[EndTime "14:28:02 PST"]
[Termination "thechesscorner64 won by checkmate"]

1. e4 c5 2. Nf3 Nc6 3. Bb5 e5 4. O-O d6 5. h3 Ne7 6. c3 Bd7 7. Re1 f6 8. Na3 a6 9. Bf1 Ng6 10. d4 Qc7 11. Be3 Be7 12. dxc5 dxc5 13. Bc4 Rd8 14.
Qe2 b5 15. Bd5 Nf8 16. Nh4 Be6 17. Rad1 Kf7 18. Nc2 Qc8 19. Qf3 Ng6 20. Nf5 Bf8 21. h4 h5 22. a4 Bxd5 23. exd5 Na5 24. axb5 axb5 25. Ra1 Nc4 26. Ra7+ Kg8 27. d6 Nf4 28.
Bxf4 Qxf5 29. Qd5+ Kh7 30. Qf7 Qxc2 31. Qxh5+ Kg8 32. Qf7+ Kh7 33. Qxf6 Qg6 34. Qxd8 Bxd6 35. Qd7 exf4 36. Re6 Qh5 37. Qxg7# 1-0

[Event "Late-Titled-Tuesday-Blitz-December-26-2023"]
[Site "Chess.com"]
[Date "2023.12.26"]
[Round "3"]
[White "Vaporwaffle94"]
[Black "SuanFernandes"]
[Result "1-0"]
[WhiteElo "2063"]
[BlackElo "2344"]
[TimeControl "180+1"]
[EndTime "14:28:04 PST"]
[Termination "Vaporwaffle94 won by checkmate"]

1. d4 d5 2. c4 e6 3. Nc3 Nf6 4.
Bg5 dxc4 5. e4 c5 6. d5 Be7 7.
Bxc4 exd5 8. exd5 O-O 9. Nf3 h6 10. Bxf6 Bxf6 11. O-O Bg4 12. h3 Bh5 13. Ne4 Bxb2 14.
Rb1 Bd4 15. Rxb7 Nd7 16. Qb3 Bxf3 17. Qxf3 Nb6 18. Bb5 Nxd5 19. Bc4 Nf6 20. Nxf6+ Bxf6 21. Rd1 Bd4 22. Rxf7 Rxf7 23. Qxf7+ Kh8 24. Rd3 Qf8 25. Rf3 Bf6 26. Qg6 Rd8 27. Bd3 Kg8 28. Qh7+ Kf7 29. Bc4+ Ke8 30. Re3+ Kd7 31. Qf5+ Kc7 32. Qf4+ Qd6 33.
Qf5 Qd1+ 34. Kh2 Qd6+ 35. g3 Qd2 36. Qxc5+ Kb8 37. Rb3+ Ka8 38. Qc6# 1-0

[Event "Late-Titled-Tuesday-Blitz-December-26-2023"]
[Site "Chess.com"]
[Date "2023.12.26"]
[Round "3"]
[White "GiorgianBarbosa"]
[Black "shaya01"]
[Result "1-0"]
[WhiteElo "2514"]
[BlackElo "2227"]
[TimeControl "180+1"]
[EndTime "14:28:08 PST"]
[Termination "GiorgianBarbosa won by resignation"]

1. c4 c6 2. d4 d5 3. cxd5 cxd5 4. Nc3 Nf6 5. Bf4 a6 6. e3 e6 7. Bd3 Bd6 8. Nge2 O-O 9. g4 Nc6 10. g5 Nh5 11. Bxd6 Qxd6 12. Ng3 Nxg3 13. hxg3 g6 14. Qg4 f5 15. gxf6 Rxf6 16. Qh4 Rf7 17. Bxg6 Rg7 18. Bxh7+ Kf8 19. Qf6+ Rf7 20. Qh6+ Ke7 21.
Bg6 Qb4 22. O-O-O Rxf2 23. Qg7+ Kd6 24. Bc2 Bd7 25. e4 Raf8 26. Qg5 Nxd4 27. Rxd4 Qxd4 28.
Rd1 Qe5 29. Qxe5+ Kxe5 30. exd5 Bc8 31. Re1+ Kd6 32. Ne4+ Kxd5 33. Nxf2 Rxf2 34. Rg1 e5 35. g4 Rf8 36. g5 Rg8 37. Bb3+ 1-0

[Event "Late-Titled-Tuesday-Blitz-December-26-2023"]
[Site "Chess.com"]
[Date "2023.12.26"]
[Round "3"]
[White "ilya2700"]
[Black "rdarruda"]
[Result "1-0"]
[WhiteElo "2356"]
[BlackElo "2523"]
[TimeControl "180+1"]
[EndTime "14:28:12 PST"]
[Termination "ilya2700 won by checkmate"]

1. e4 c5 2. c4 e6 3. Ne2 Nc6 4. d4 cxd4 5. Nxd4 Nf6 6. Nc3 d6 7. Be2 Be7 8. Be3 a6 9. O-O Qc7 10. f4 O-O 11. b3 b6 12. Rc1 Nxd4 13. Bxd4 Bb7 14. Bf3 Nd7 15. Qe2 Rfd8 16. e5 dxe5 17. fxe5 Bc5 18. Bxc5 Qxc5+ 19. Kh1 Bxf3 20. Qxf3 Nxe5 21.
Qg3 Rd3 22. Qf4 Qe3 23. Qxe3 Rxe3 24. Rfd1 Nd3 25. Rc2 g6 26. Rcd2 Ne5 27. Ne2 Kg7 28. Nd4 Rc8 29. h3 Nc6 30. Nf3 Rc7 31. Rd6 b5 32.
cxb5 axb5 33. Rc1 Ra7 34. Rcxc6 Rxa2 35. Rc7 Ree2 36. Rdd7 Rxg2 37. Rxf7+ Kg8 38. Rg7+ Kf8 39. Rxh7 Kg8 40. Rhd7 Rgc2 41. Rd8# 1-0

[Event "Late-Titled-Tuesday-Blitz-December-26-2023"]
[Site "Chess.com"]
[Date "2023.12.26"]
[Round "3"]
[White "TheMagician"]
[Black "a-z30"]
[Result "0-1"]
[WhiteElo "2180"]
[BlackElo "2505"]
[TimeControl "180+1"]
[EndTime "14:28:12 PST"]
[Termination "a-z30 won on time"]

1. e4 d6 2. Nf3 Nf6 3. Nc3 g6 4. d4 Bg7 5. Be2 O-O 6. Bg5 Bg4 7. h3 Bxf3 8. Bxf3 Nc6 9. Be3 e5 10. d5 Nd4 11. O-O Re8 12. Re1 c5 13. dxc6 bxc6 14.
Be2 Rb8 15. Rb1 Qa5 16. Bc4 Rxb2 17. Rxb2 Qxc3 18. Bxf7+ Kxf7 19. Rb7+ Re7 20. Rxe7+ Kxe7 21. Qb1 Nd7 22. Bg5+ Bf6 23. Bxf6+ Nxf6 24. Qb7+ Ke6 25. Re3 Qxc2 26. Qc8+ Ke7 27. g4 Ne2+ 28. Kg2 Nf4+ 29. Kg3 Qc1 30. Kh4 Qd2 31. Qc7+ Nd7 0-1

[Event "Late-Titled-Tuesday-Blitz-December-26-2023"]
[Site "Chess.com"]
[Date "2023.12.26"]
[Round "3"]
[White "FontVella8"]
[Black "DishonorOnYourCow"]
[Result "0-1"]
[WhiteElo "2767"]
[BlackElo "2556"]
[TimeControl "180+1"]
[EndTime "14:28:13 PST"]
[Termination "DishonorOnYourCow won on time"]

1. e4 c5 2. Nf3 d6 3. d4 cxd4 4. Nxd4 Nf6 5. f3 e5 6. Nb3 a5 7. a4 Be6 8. Nc3 d5 9. exd5 Nxd5 10. Nxd5 Bxd5 11. Bb5+ Nc6 12. Be3 Be7 13. O-O O-O 14. c3 Be6 15. Nd2 Bg5 16. Qe2 Bxe3+ 17. Qxe3 Qc7 18. Rad1 Rad8 19. Ne4 f6 20. Qc5 Bb3 21. Rd6 Rxd6 22. Nxd6 Rd8 23. Nxb7 Qxb7 24. Bxc6 Qc8 25. Qe7 Rd2 26. Bb5 Rxb2 27. h4 h5 28. Qa3 Qxc3 29. Bc4+ Kh7 30. Bxb3 Rxb3 31. Qe7 Qe3+ 32.
Kh2 Qf4+ 33. Kg1 Rb2 34. Qe8 Qxh4 35. Rd1 Qg5 0-1

[Event "Late-Titled-Tuesday-Blitz-December-26-2023"]
[Site "Chess.com"]
[Date "2023.12.26"]
[Round "3"]
[White "yosephtaher"]
[Black "IMRosen"]
[Result "1-0"]
[WhiteElo "2923"]
[BlackElo "2693"]
[TimeControl "180+1"]
[EndTime "14:28:16 PST"]
[Termination "yosephtaher won on time"]

1. e4 c5 2. Nc3 e6 3. g3 a6 4. a4 Nc6 5. Bg2 Rb8 6. d3 b5 7.
axb5 axb5 8. Be3 b4 9. Nce2 Nge7 10. Bxc5 d5 11. exd5 Nxd5 12. Bxf8 Kxf8 13. Nf3 Qf6 14. Qc1 h5 15. c4 bxc3 16. bxc3 h4 17. O-O h3 18.
Bh1 Bb7 19. d4 g6 20. c4 Nde7 21. Qc3 Kg7 22. Rad1 Rhd8 23. Nf4 Nf5 24. Ne2 g5 25. d5 exd5 26. cxd5 Nce7 27. Nxg5 Ba6 28. Rfe1 Bxe2 29. Qxf6+ Kxf6 30. Ne4+ Kg6 31. Rxe2 Rxd5 32.
Ree1 Rxd1 33. Rxd1 Rb2 34. Nc3 Rc2 35. Nd5 Nxd5 36. Bxd5 Kf6 37. Be4 Re2 38. Bf3 Rb2 39.
Bg4 Kg5 40. Bxh3 Ne7 41. Rd7 Kf6 42. Kg2 Ng6 43. Rd4 Ne5 44. Bg4 Rc2 45. Bd1 Rb2 46. h4 Kg7 47. h5 Nc6 48. h6+ Kh7 49. Rd6 1-0

[Event "Late-Titled-Tuesday-Blitz-December-26-2023"]
[Site "Chess.com"]
[Date "2023.12.26"]
[Round "3"]
[White "Maect19"]
[Black "DCacheiro"]
[Result "0-1"]
[WhiteElo "2358"]
[BlackElo "2552"]
[TimeControl "180+1"]
[EndTime "14:28:16 PST"]
[Termination "DCacheiro won by resignation"]

1. Nf3 Nf6 2. c4 g6 3. Nc3 Bg7 4. g3 O-O 5. Bg2 c5 6. O-O Nc6 7. d3 d5 8. cxd5 Nxd5 9. Nxd5 Qxd5 10. Be3 Qd6 11. Rc1 b6 12. Bf4 e5 13. Nxe5 Bxe5 14. Bxe5 Qxe5 15. Bxc6 Bh3 16. Bxa8 Rxa8 17. Re1 Qxb2 18.
Qc2 Qf6 19. Qc3 Qc6 20. f3 Qe6 21. e4 Rd8 22. Rc2 h5 23. Rf2 h4 24. g4 Rd4 25.
Ra1 Qd7 26. Rd1 Bxg4 27. Rdd2 Bh5 28. Qc2 h3 29. Qd1 Qd6 30. Qf1 Qe6 31. f4 Qg4+ 32.
Kh1 c4 33. f5 cxd3 34. fxg6 Bxg6 35. Rxd3 Bxe4+ 36. Rdf3 Rd3 0-1

[Event "Late-Titled-Tuesday-Blitz-December-26-2023"]
[Site "Chess.com"]
[Date "2023.12.26"]
[Round "3"]
[White "Zampronha1971"]
[Black "BardArtem"]
[Result "0-1"]
[WhiteElo "2330"]
[BlackElo "2671"]
[TimeControl "180+1"]
[EndTime "14:28:16 PST"]
[Termination "BardArtem won on time"]

1. e4 e5 2. Nf3 Nc6 3. d4 exd4 4. Nxd4 Bb4+ 5. c3 Bc5 6. Nxc6 bxc6 7. Bd3 Nf6 8. e5 Nd5 9. Qg4 g6 10. Bg5 Be7 11. Bh6 d6 12. Qg3 Bh4 13. Qf3 dxe5 14. O-O Qf6 15. Be4 Qxf3 16. Bxf3 Be6 17. Bg7 Rg8 18.
Bxe5 O-O-O 19. Na3 Be7 20. Nc2 f6 21. Bd4 c5 22. Be3 Nxe3 23. Nxe3 f5 24. Rfd1 Rxd1+ 25. Rxd1 Rd8 26. Rxd8+ Kxd8 27. c4 Kd7 28. Kf1 c6 29. b3 Kd6 30. Ke2 Bd7 31. g3 Ke5 32. Bg2 f4 33. Nf1 Bf5 34. Bxc6 Bb1 35. a3 Bc2 36. Nd2 fxg3 37. fxg3 Kd4 38. Bd5 Kc3 39. b4 cxb4 40.
axb4 Bxb4 41. Bg8 a5 42. Bxh7 a4 43. Bg8 Bc5 0-1

[Event "Late-Titled-Tuesday-Blitz-December-26-2023"]
[Site "Chess.com"]
[Date "2023.12.26"]
[Round "3"]
[White "GAusal"]
[Black "chessforthesun"]
[Result "1-0"]
[WhiteElo "2316"]
[BlackElo "2688"]
[TimeControl "180+1"]
[EndTime "14:28:16 PST"]
[Termination "GAusal won by checkmate"]

1. d4 d6 2. Nf3 Nf6 3. c4 g6 4. Nc3 Bg7 5. e4 O-O 6. Be2 e5 7. O-O Nc6 8. d5 Ne7 9. Ne1 Nd7 10. Be3 f5 11. f3 f4 12. Bf2 g5 13. Rc1 Rf6 14. c5 Rh6 15. cxd6 cxd6 16. Nb5 Qe8 17. Nc7 Qh5 18. h4 Ng6 19. g4 fxg3 20. Bxg3 Nc5 21. f4 g4 22. f5 Nxh4 23. Nxa8 Nxf5 24. exf5 Qh1+ 25. Kf2 Rh2+ 26. Bxh2 Qxh2+ 27. Ng2 Ne4+ 28. Ke3 Bh6+ 29. Kxe4 Qxg2+ 30. Kd3 Bd7 31. Rg1 Bxf5+ 32.
Kc3 Qe4 33. Bd3 Qd4+ 34. Kc2 Bxc1 35. Bxf5 Qxb2+ 36. Kd3 Qd4+ 37. Ke2 Qe3+ 38. Kf1 h5 39. Bxg4 hxg4 40. Qxg4+ Kf8 41. Qg8+ Ke7 42. Rg7+ Kf6 43.
Qf7# 1-0

[Event "Late-Titled-Tuesday-Blitz-December-26-2023"]
[Site "Chess.com"]
[Date "2023.12.26"]
[Round "3"]
[White "gxbg2000"]
[Black "Slovafn"]
[Result "0-1"]
[WhiteElo "1986"]
[BlackElo "2319"]
[TimeControl "180+1"]
[EndTime "14:28:16 PST"]
[Termination "Slovafn won by checkmate"]

1. e4 c5 2. Nf3 d6 3. d4 cxd4 4. Nxd4 Nf6 5. Nc3 g6 6. Be3 Bg7 7. Qd2 Nc6 8. f3 O-O 9. O-O-O d5 10. exd5 Nxd5 11. Nxd5 Qxd5 12. Nxc6 Qxc6 13. Kb1 Bf5 14.
Bd3 Rfd8 15. Qe2 Qf6 16. Bc1 a5 17. g4 Be6 18. h4 a4 19. a3 b5 20. g5 Qd4 21.
Bxb5 Qb6 22. Rxd8+ Qxd8 23. Bc4 Bf5 24. h5 Rb8 25.
hxg6 Bxg6 26. Re1 Qb6 27. Qe3 Bd4 28. Qxe7 Bxb2 29. Qb4 Bc3 30. Qxb6 Rxb6+ 31. Ka2 Bxe1 32. Be3 Rc6 33. Bb5 Rxc2+ 34. Ka1 Bc3+ 35. Kb1 Rb2+ 36. Kc1 Rb1# 0-1

[Event "Late-Titled-Tuesday-Blitz-December-26-2023"]
[Site "Chess.com"]
[Date "2023.12.26"]
[Round "3"]
[White "Elsa167"]
[Black "CheckThis4"]
[Result "1-0"]
[WhiteElo "2986"]
[BlackElo "2723"]
[TimeControl "180+1"]
[EndTime "14:28:17 PST"]
[Termination "Elsa167 won by resignation"]

1. d4 Nf6 2. c4 e6 3. g3 c5 4. d5 exd5 5. cxd5 d6 6. Nc3 g6 7.
Bg2 Bg7 8. Nf3 O-O 9. O-O a6 10. a4 Re8 11. Re1 Nbd7 12. Bf4 Qe7 13. h3 Nh5 14. Bg5 Bf6 15. Bxf6 Qxf6 16. Qd2 Ne5 17. Ne4 Nxf3+ 18. exf3 Qd8 19. g4 Ng7 20. Qh6 f6 21. Qf4 f5 22. Nxd6 Rxe1+ 23. Rxe1 Bd7 24. Qe5 Qf8 25. Qe7 Bxa4 26. Nxb7 c4 27. d6 Bc6 28. f4 Bxb7 29. Bxb7 Rb8 30. Bd5+ Kh8 31. Qxf8+ Rxf8 32. d7 fxg4 33. hxg4 Rd8 34. Bc6 Kg8 35.
Re8+ Nxe8 36. dxe8=Q+ Rxe8 37. Bxe8 Kf8 38. Bc6 h6 39. Bd5 c3 40. bxc3 1-0

[Event "Late-Titled-Tuesday-Blitz-December-26-2023"]
[Site "Chess.com"]
[Date "2023.12.26"]
[Round "3"]
[White "Nathan_Filgueiras"]
[Black "McCarthyStone"]
[Result "1-0"]
[WhiteElo "2585"]
[BlackElo "2408"]
[TimeControl "180+1"]
[EndTime "14:28:19 PST"]
[Termination "Nathan_Filgueiras won on time"]

1. e4 d5 2. exd5 Qxd5 3. Nc3 Qa5 4. Bc4 Nf6 5. d4 a6 6. Ne2 b5 7. Bb3 Bb7 8. O-O e6 9. d5 e5 10. f4 Bc5+ 11. Kh1 Ng4 12. Ne4 Be3 13. fxe5 Nd7 14.
e6 fxe6 15. dxe6 Nde5 16. Bxe3 Bxe4 17. Bg1 Qb4 18. Qd4 Qxd4 19. Nxd4 c5 20. Rae1 Bb7 21. Nf5 O-O-O 22. h3 Rd2 23. Nh4 g5 24. hxg4 gxh4 25.
Rf2 Rxf2 26. Bxf2 Nxg4 27. Bxh4 c4 28. e7 Re8 29. Rd1 Kc7 30. Rd8 Bc6 31. Rd4 Ne5 32. Bg3 1-0

[Event "Late-Titled-Tuesday-Blitz-December-26-2023"]
[Site "Chess.com"]
[Date "2023.12.26"]
[Round "3"]
[White "GoltsevDmitry2000"]
[Black "wild3000"]
[Result "1-0"]
[WhiteElo "2681"]
[BlackElo "2468"]
[TimeControl "180+1"]
[EndTime "14:28:20 PST"]
[Termination "GoltsevDmitry2000 won on time"]

1. e4 a6 2. d4 e6 3. Nf3 b5 4. a4 b4 5. c4 d6 6. b3 Nf6 7. Bd3 Bb7 8. Qc2 Nbd7 9. Bb2 g6 10. Nbd2 Bg7 11. O-O O-O 12. c5 dxc5 13. dxc5 Nb8 14. Rad1 Nc6 15. Bc4 Qe7 16. e5 Ng4 17.
Rfe1 Rfd8 18. h3 Nh6 19. Ne4 Nf5 20. Nf6+ Kh8 21. g4 Nh6 22. Qe2 Qxc5 23. Ng5 Na5 24. Rc1 Bxf6 25. Bxe6 Qb6 26. exf6 Re8 27. Qd2 Nxb3 28.
Bxb3 Rxe1+ 29. Qxe1 Rf8 30. Qe7 Qd6 31. Qxd6 cxd6 32. Rc7 Bc8 33. Bxf7 1-0

[Event "Late-Titled-Tuesday-Blitz-December-26-2023"]
[Site "Chess.com"]
[Date "2023.12.26"]
[Round "3"]
[White "Skatchkov_V"]
[Black "GoValya"]
[Result "1-0"]
[WhiteElo "2566"]
[BlackElo "2314"]
[TimeControl "180+1"]
[EndTime "14:28:20 PST"]
[Termination "Skatchkov_V won on time"]

1. d4 d5 2. c4 c6 3. Nf3 Nf6 4. Nc3 g6 5. Bg5 Bg7 6. Qc2 O-O 7. e3 Nbd7 8. Rc1 Re8 9. Be2 dxc4 10. Bxc4 b5 11.
Bb3 Ba6 12. Bh4 Rc8 13. O-O b4 14. Ne2 c5 15. Qd2 Ne4 16. Qc2 Nd6 17. Ng5 cxd4 18.
Qd2 dxe3 19. Qxe3 Rxc1 20. Rxc1 Ne5 21. Bg3 Nf5 22. Qxa7 Nxg3 23. Nxg3 Qa8 24. Qxa8 Rxa8 25. f4 h6 26. fxe5 hxg5 27. e6 f5 28. Rc7 Bf6 29. Nf1 Bd4+ 30. Kh1 Bxf1 31. Rxe7 Rc8 32. Rc7 Rxc7 33.
e7+ Kg7 34. e8=Q Rc1 35. Qd7+ Kh6 36. Qxd4 Bd3+ 37. Qg1 Rxg1+ 38. Kxg1 g4 39. Kf2 Kg5 40. Ke3 Be4 41. g3 Kf6 42. Kd4 Ke7 43. Kc5 1-0

[Event "Late-Titled-Tuesday-Blitz-December-26-2023"]
[Site "Chess.com"]
[Date "2023.12.26"]
[Round "3"]
[White "thesupera12"]
[Black "Bryanl106"]
[Result "0-1"]
[WhiteElo "2401"]
[BlackElo "2571"]
[TimeControl "180+1"]
[EndTime "14:28:21 PST"]
[Termination "Bryanl106 won by resignation"]

1. Nf3 Nf6 2. b3 g6 3. Bb2 Bg7 4. g3 O-O 5. Bg2 d6 6. O-O e5 7. d4 e4 8. Nfd2 e3 9. fxe3 Ng4 10. Rf3 Bh6 11. Nf1 Re8 12. Qd2 Qg5 13. Nc3 Nxe3 14. Nxe3 Rxe3 15. Rxe3 Qxe3+ 16. Qxe3 Bxe3+ 17. Kf1 Bxd4 18. Nd5 Bxb2 19. Ne7+ Kf8 20. Nxc8 Nc6 21. Rb1 Bd4 22. Rd1 Bc5 23. b4 Bxb4 24. Rb1 Ba5 25. Rxb7 Rxc8 26. Bxc6 Bb6 27. a4 a5 28. Kg2 Ke7 29.
Bd5 f5 30. c4 Kd7 31. Kf3 Re8 32. e4 fxe4+ 33. Bxe4 Rxe4 34. Kxe4 Kc8 35. Rxb6 cxb6 36. Kd5 Kd7 37. h3 h6 38. Kd4 Kc6 39. Kd3 Kc5 40.
Kc3 d5 41. cxd5 Kxd5 42. Kd3 Kc5 43. Kc3 b5 44. axb5 Kxb5 45. Kb3 a4+ 46. Ka3 Ka5 47. g4 g5 48. Ka2 Kb4 49. Kb2 a3+ 50. Ka2 Ka4 51. Ka1 Kb3 52. Kb1 Kc3 53. Ka2 Kd3 54. h4 gxh4 0-1

[Event "Late-Titled-Tuesday-Blitz-December-26-2023"]
[Site "Chess.com"]
[Date "2023.12.26"]
[Round "3"]
[White "StellarChess"]
[Black "le-castor-faineant"]
[Result "1-0"]
[WhiteElo "2527"]
[BlackElo "2310"]
[TimeControl "180+1"]
[EndTime "14:28:22 PST"]
[Termination "StellarChess won on time"]

1. b4 e5 2. Bb2 Bxb4 3. Bxe5 Nf6 4. e3 O-O 5. Nf3 Nc6 6. Bb2 d5 7. Be2 Bf5 8. O-O Bd6 9. h3 Qe7 10. Nd4 Nxd4 11. Bxd4 c5 12. Bb2 Rfe8 13. Bf3 Ne4 14. d3 Ng5 15. Bxd5 Nxh3+ 16. gxh3 Bxh3 17. Qh5 Bxf1 18. Kxf1 Be5 19. Bxe5 Qxe5 20. Qxe5 Rxe5 21. Bxb7 Rb8 22.
Be4 f5 23. Bf3 g5 24. Na3 g4 25. Bg2 h5 26. Nc4 Re7 27. Nd6 Re5 28. a4 h4 29. Nc4 Re7 30. Bd5+ Kg7 31. Kg2 h3+ 32. Kg3 Kf6 33. e4 Rd8 34. Ne3 fxe4 35. Nxg4+ Kf5 36. dxe4+ Rxe4 37. Bxe4+ Kxe4 38. Kxh3 Rd2 39. Rc1 Kf3 40. c4 Rd3 41. Ne5+ 1-0